 Dungeon Crawl Stone Soup version 0.17.0-24-gcfadda4 (webtiles) character file.

81 Ohshi the Conjurer (level 4, 0/24 HPs)
             Began as a Deep Elf Conjurer on Nov 17, 2015.
             Was an Initiate of Sif Muna.
             Killed from afar by Crazy Yiuf (5 damage)
             ... with a wand of flame
             ... on level 4 of the Dungeon.
             The game lasted 00:08:11 (1718 turns).

Ohshi the Conjurer (Deep Elf Conjurer)              Turns: 1718, Time: 00:08:11

Health: 0/24       AC:  4    Str:  5    XL:     4   Next: 19%
Magic:  6/12       EV: 13    Int: 21    God:    Sif Muna [......]
Gold:   149        SH:  0    Dex: 15    Spells: 2 memorised, 8 levels left

rFire  . . .     SeeInvis .     f - +2 whip (elec)
rCold  . . .     Clarity  .     a - +0 robe
rNeg   . . .     SustAt   .     (no shield)
rPois  .         Gourm    .     (no helmet)
rElec  .         Spirit   .     t - +0 cloak
rCorr  +         Warding  .     (no gloves)
rMut   .         Stasis   .     o - +0 pair of boots
MR     .....                    r - amulet of resist corrosion
Stlth  ++........               (no ring)
                                (no ring)

@: not resistant to hostile enchantments, unstealthy
A: no striking features
a: Renounce Religion


You were on level 4 of the Dungeon.
You worshipped Sif Muna.
Sif Muna was noncommittal.
You were very full.

You visited 1 branch of the dungeon, and saw 4 of its levels.

You collected 149 gold pieces.

Inventory:

Hand Weapons
 f - a +2 whip of electrocution (weapon)
Armour
 a - a +0 robe (worn)
 o - a +0 pair of boots (worn)
 t - a +0 cloak (worn)
Jewellery
 r - an amulet of resist corrosion (around neck)
 w - an uncursed ring of protection from cold {unknown}
Scrolls
 d - 2 scrolls of magic mapping {unknown}
 e - 2 scrolls of remove curse {unknown}
 j - 3 scrolls of teleportation {unknown}
 l - a scroll of amnesia {unknown}
 s - 2 scrolls of identify {unknown}
Potions
 h - a potion of cancellation {unknown}
 i - a potion of lignification {unknown}
 k - a potion of heal wounds {unknown}
 m - a potion of brilliance {unknown}
 n - a potion of beneficial mutation {unknown}
 v - a potion of mutation {unknown}
Books
 b - a book of Conjurations

   Spells                             Type                      Level
   a - Magic Dart                     Conjuration                  1
   b - Searing Ray                    Conjuration                  2
   c - Dazzling Spray                 Conjuration/Hexes            3
   d - Fulminant Prism                Conjuration/Hexes            4
   e - Iskenderun's Mystic Blast      Conjuration                  4
   f - Iskenderun's Battlesphere      Conjuration/Charms           5
 p - a book of Envenomations

   Spells                             Type                      Level
   a - Spider Form                    Transmutation/Poison         3
   b - Alistair's Intoxication        Transmutation/Poison         4
   c - Olgreb's Toxic Radiance        Poison                       4
   d - Poisonous Cloud                Conjuration/Poison/Air       6
Comestibles
 g - a beef jerky
 q - 5 fruits
 u - a meat ration


   Skills:
 + Level 2.5 Dodging
 + Level 2.7 Stealth
 + Level 4.2 Spellcasting
 + Level 5.5 Conjurations


You had 8 spell levels left.
You knew the following spells:

 Your Spells              Type           Power        Failure   Level  Hunger
a - Magic Dart            Conj           ####         1%          1    None
b - Searing Ray           Conj           ####..       1%          2    #......


Dungeon Overview and Level Annotations

Branches:
Dungeon (4/15)
 Temple: D:4-7

Altars:
Fedhas
Gozag
Kikubaaqudgha
Nemelex Xobeh
Okawaru
Sif Muna

Annotations:
D:4 Crazy Yiuf


Message History

Press: ? - help, Shift-Dir - straight line, f/p - Crazy Yiuf
Aim: Crazy Yiuf, wielding a quarterstaff of chaos, wearing a cloak and carrying a wand of flame {zapped: 2} (moderately wounded)
The magic dart hits Crazy Yiuf.
Crazy Yiuf is moderately wounded.
Crazy Yiuf cries, "You leg down broken song, no?"
Crazy Yiuf zaps a wand.
The puff of flame hits you!
Casting: Magic Dart
Confirm with . or Enter, or press ? or * to list all spells.
Aiming: Searing Ray
Press: ? - help, Shift-Dir - straight line, f/p - Crazy Yiuf
Aim: Crazy Yiuf, wielding a quarterstaff of chaos, wearing a cloak and carrying a wand of flame {zapped: 3} (moderately wounded)
The searing ray hits Crazy Yiuf.
Crazy Yiuf is heavily wounded.
Crazy Yiuf zaps a wand.
The puff of flame hits you!
* * * LOW HITPOINT WARNING * * *
The searing ray hits Crazy Yiuf.
Crazy Yiuf is severely wounded.
Crazy Yiuf says, "Aardvark!"
Crazy Yiuf zaps a wand.
The puff of flame hits you!
You die...

.# .# .# .# ###
♣##+#.###.# #)..#
♣♣♣.+.......
#...g.♣♣♣♣.......###
♣..♣..........#
♣♣♣@♣...''#.#.#
♣♣♣♣♣##.#.# #.#.# ######
#.#.#
############....######.#.#
.....##................#<#
####.##.##################
...#.##.# ......#.#


You could see Crazy Yiuf.

Vanquished Creatures
  3 adders
  2 worms
  2 giant geckos (D:2)
  7 bats
  3 hobgoblins
  2 ball pythons (D:2)
  2 giant cockroaches (D:2)
  7 giant newts
  8 goblins
  4 kobolds
  8 rats
48 creatures vanquished.

Notes
Turn   | Place    | Note
--------------------------------------------------------------
     0 | D:1      | Ohshi the Deep Elf Conjurer began the quest for the Orb.
     0 | D:1      | Reached XP level 1. HP: 10/10 MP: 6/6
   151 | D:1      | Reached XP level 2. HP: 15/15 MP: 0/8
   163 | D:1      | Found a sparkling altar of Nemelex Xobeh.
   300 | D:1      | Reached skill level 5 in Conjurations
   653 | D:2      | Found an ancient bone altar of Kikubaaqudgha.
   714 | D:2      | Found a blossoming altar of Fedhas.
   737 | D:2      | Learned a level 2 spell: Searing Ray
   760 | D:2      | Reached XP level 3. HP: 19/19 MP: 1/10
   929 | D:2      | Found an iron altar of Okawaru.
   967 | D:2      | Found an opulent altar of Gozag.
  1008 | D:2      | Found a deep blue altar of Sif Muna.
  1011 | D:2      | Became a worshipper of Sif Muna the Loreminder
  1283 | D:3      | Reached XP level 4. HP: 24/24 MP: 3/12
  1711 | D:4      | Noticed Crazy Yiuf
  1718 | D:4      | Killed from afar by Crazy Yiuf

Action                   |  1- 3 |  4- 6 || total
-------------------------+-------+-------++-------
Melee: Whip              |     3 |       ||     3
 Cast: Magic Dart        |    75 |    11 ||    86
       Searing Ray       |     1 |     1 ||     2
  Eat: Bread ration      |       |     2 ||     2
